 Dungeon Crawl Stone Soup version 0.24.0-1-gfbc8707122 (webtiles) character file.

Game seed: 13820686129392642630, levelgen mode: deterministic

18 theanonym the Vexing (level 2, -3/21 HPs)
             Began as a Mummy Arcane Marksman on Oct 27, 2019.
             Slain by an ogre
             ... wielding a cursed -3 giant spiked club
              (15 damage)
             ... on level 4 of the Dungeon.
             The game lasted 00:01:56 (599 turns).

theanonym the Vexing (Mummy Arcane Marksman)         Turns: 599, Time: 00:01:56

Health: -3/21      AC:  5    Str: 13    XL:     2   Next: 51%
Magic:  4/4        EV: 12    Int: 12    God:
Gold:   26         SH:  0    Dex: 12    Spells: 2/3 levels left

rFire    x . .     SeeInvis .   f - -3 dagger (curse)
rCold    + . .     Gourm    .   (no shield)
rNeg     + + +     Faith    .   e - +0 robe
rPois    ∞         Spirit   .   (no helmet)
rElec    .         Reflect  .   (no cloak)
rCorr    .         Harm     .   (no gloves)
MR       .....                  (no boots)
Stlth    +.........             (no amulet)
HPRegen  0.07/turn              b - +3 ring of protection
MPRegen  0.09/turn              (no ring)

@: no status effects
A: no food or potions, fire vulnerability, cold resistance 1, negative energy
resistance 3, torment resistance, unbreathing
a: no special abilities


Innate Abilities, Weirdness & Mutations

You do not eat or drink.
Your flesh is vulnerable to fire.
You are immune to poison.
Your flesh is cold resistant. (rC+)
You are immune to negative energy. (rN+++)
You are immune to unholy pain and torment.
You can survive without breathing.


   Skills:
 - Level 1.0 Fighting
 + Level 2.6 Bows
 - Level 1.5 Dodging
 - Level 1.3 Spellcasting
 - Level 2.6 Hexes


You had 2 spell levels left.
You knew the following spells:

 Your Spells              Type           Power        Failure   Level  Hunger
a - Corona                Hex            #......      10%         1    N/A

Your spell library contained the following spells:

 Spells                   Type           Power        Failure   Level  Hunger
 Slow                     Hex            #.......     14%         2    N/A
 Inner Flame              Hex/Fire       #.......     45%         3    N/A
 Portal Projectile        Hex/Tloc       #.....       45%         3    N/A
 Cause Fear               Hex            #.........   67%         4    N/A
 Leda's Liquefaction      Hex/Erth       #.........   86%         4    N/A

Skill      XL: |  1 |
---------------+----+-----
Bows           | 2 |  2.6
Fighting       | |  1.0
Dodging        | |  1.5
Spellcasting   | |  1.3
Hexes          | |  2.6

Action                   || total
-------------------------++-------
Melee: Dagger            ||    74
       Unarmed           ||    15
 Fire: Shortbow          ||     4
  Use: Scroll            ||     4
 Stab: Distracted        ||     1
Armor: Robe              ||    11
Dodge: Dodged            ||    59

Inventory:

Hand Weapons
 a - a +0 shortbow
 f - a cursed -3 dagger (weapon)
Missiles
 d - 19 arrows
Armour
 e - a +0 robe (worn)
Jewellery
 b - a +3 ring of protection (left hand)


You were on level 4 of the Dungeon.
You were not hungry.

You visited 1 branch of the dungeon, and saw 3 of its levels.

You collected 26 gold pieces.

Dungeon Overview and Level Annotations

Branches:
Dungeon (2/15)

Altars:

#########
#.......#
#.......#
#.......#
#.......#
#......@#
#......O#
###.##...
# #.#..
.. .##
..# ## .#
..


You could see an ogre.

Notes
Turn   | Place    | Note
-------+----------+-------------------------------------------
     0 | D:1      | theanonym the Mummy Arcane Marksman began the quest for the
                  | Orb.
     0 | D:1      | Reached XP level 1. HP: 15/15 MP: 2/2
    39 | D:1      | Reached skill level 2 in Bows
    39 | D:1      | Reached XP level 2. HP: 21/21 MP: 4/4
   544 | D:1      | HP: 10/21 [goblin (4)]
   551 | D:1      | HP: 10/21 [goblin (1)]
   574 | D:2      | You fall into a shaft and drop 2 floors!
   585 | D:4      | Noticed an ogre
   599 | D:4      | Slain by an ogre

Vanquished Creatures
  A gnoll (D:1)
  A dart slug (D:1)
  A giant cockroach (D:1)
  A goblin (D:1)
  A hobgoblin (D:1)
  A frilled lizard (D:1)
  A kobold (D:1)
  A rat (D:1)
8 creatures vanquished.

Table legend:
 A = Turns spent in this place as a percentage of turns spent in the entire game.
 B = Non-inter-level travel turns spent in this place as a percentage of non-inter-level travel turns spent in the entire game.
 C = Inter-level travel turns spent in this place as a percentage of turns spent in this place.
 D = Turns resting spent in this place as a percentage of non-inter-level travel turns spent in this place.
 E = Turns spent auto-exploring this place as a percentage of non-inter-level travel turns spent in this place.
 F = Non-inter-level travel turns spent in this place divided by the number of levels of this place that you've seen.
                   A       B       C       D       E      F
               +-------+-------+-------+-------+-------+----------------------
         Total | 100.0 | 100.0 |   3.5 |  48.8 |  22.3 | 192.7
       Dungeon | 100.0 | 100.0 |   3.5 |  48.8 |  22.3 | 192.7
               +-------+-------+-------+-------+-------+----------------------
